Map: World of Sleepers LE

Players

Zest - Winner!

  • Race: Protoss Protoss
  • Spawn Location: 1:00

Hurricane

  • Race: Protoss Protoss
  • Spawn Location: 7:00

Event: IEM Katowice 2020

VOD

Have the link to the VOD?

Description

Time

  • Played on: Feb. 29, 2020, 6:49 a.m.
  • Length: 11:13

All games in this series

Show
View Real Time Build Order
Export as new Build Order

Zest Protoss - Winner!

Build Orders:  

Get SALT Encoding   

  12  0:00  Probe  
  13  0:12  Probe  
  14  0:17  Pylon  
  14  0:24  Probe (Chrono Boost)  
  15  0:37  Probe (Chrono Boost), Gateway  
  16  0:43  Probe (Chrono Boost)  
  16  0:46  Assimilator  
  17  0:51  Probe  
  17  0:54  Assimilator  
  18  1:03  Probe (Chrono Boost)  
  19  1:07  Gateway  
  19  1:12  Probe (Chrono Boost)  
  19  1:17  Probe (Chrono Boost)  
  20  1:24  Cybernetics Core  
  21  1:29  Probe  
  22  1:33  Pylon  
  22  1:41  Probe  
  23  1:53  Probe  
  24  2:01  Warp Gate, Sentry  
  26  2:08  Stalker  
  28  2:10  Pylon  
  28  2:24  Robotics Facility  
  28  2:28  Stalker  
  30  2:38  Stalker  
  30  2:40  Shield Battery  
  32  3:01  Nexus  
  32  3:19  Immortal (Chrono Boost)  
  36  3:25  Shield Battery  
  35  3:30  Probe  
  36  3:39  Pylon  
  36  3:43  Probe  
  37  3:49  Warp Prism (Chrono Boost)  
  39  3:57  Probe  
  39  4:01  Sentry  
  42  4:02  Sentry  
  42  4:09  Probe (Chrono Boost)  
  45  4:12  Pylon  
  45  4:16  Probe (Chrono Boost)  
  46  4:19  Observer  
  48  4:26  Stalker  
  48  4:27  Probe (Chrono Boost)  
  49  4:32  Probe (Chrono Boost)  
  49  4:35  Probe (Chrono Boost)  
  48  4:40  Probe  
  49  4:52  Probe  
  50  4:53  Probe  
  50  4:57  Adept x2  
  55  5:04  Probe  
  55  5:05  Probe  
  57  5:20  Probe x2  
  59  5:28  Stalker x2  
  59  5:32  Probe  
  64  5:40  Probe  
  64  5:42  Pylon  
  65  5:44  Probe  
  65  5:47  Immortal  
  65  5:49  Twilight Council  
  70  5:57  Pylon  
  70  6:00  Probe x2  
  72  6:05  Shield Battery  
  62  6:12  Probe x2  
  62  6:14  Sentry  
  66  6:24  Stalker  
  67  6:29  Probe (Chrono Boost)  
  67  6:32  Probe (Chrono Boost)  
  69  6:34  Assimilator  
  69  6:35  Assimilator  
  69  6:41  Probe (Chrono Boost)  
  69  6:42  Warp Prism  
  69  6:44  Probe (Chrono Boost)  
  73  6:48  Templar Archives  
  73  6:50  Probe (Chrono Boost)  
  73  6:51  Probe (Chrono Boost)  
  75  6:55  Probe  
  75  6:58  Probe  
  77  7:06  Gateway  
  77  7:09  Gateway x3  
  77  7:20  Pylon  
  77  7:25  Gateway  
  77  7:26  Gateway  
  77  7:31  Nexus  
  77  7:33  Charge (Chrono Boost)  
  77  7:55  Gateway  
  77  7:56  Gateway  
  77  7:57  Forge  
  77  8:03  High Templar x2  
  77  8:04  High Templar x2, Pylon  
  77  8:05  Zealot x2  
  89  8:09  Pylon  
  89  8:10  Archon x2  
  89  8:19  Protoss Ground Weapons Level 1 (Chrono Boost)  
  85  8:34  High Templar  
  85  8:35  High Templar, Zealot x2  
  93  8:44  Pylon  
  93  8:46  Archon  
  93  8:48  Probe x2  
  95  8:58  Zealot  
  95  8:59  Zealot x6  
  95  9:02  Probe  
  110  9:06  Pylon  
  110  9:08  Probe x2  
  111  9:14  Probe  
  107  9:21  High Templar x2  
  107  9:22  Zealot x3  
  117  9:28  Archon, Zealot x3  
  117  9:30  Observer  
  124  9:40  Pylon  
  124  9:41  Pylon  
  124  9:42  Pylon  
  124  9:44  Pylon  
  124  9:58  High Templar  
  124  9:59  High Templar, Zealot x5  
  138  10:00  Zealot  
  138  10:04  Archon  
  140  10:19  Pylon  
  140  10:21  Pylon  
  140  10:24  High Templar x2, Zealot x2  
  140  10:25  Zealot x4  
  140  10:28  Archon  
  114  10:44  Zealot x4  
  114  10:45  Zealot x3  
  114  10:48  Zealot  
  94  10:57  Zealot x2  
  90  11:04  Zealot x2  
  90  11:05  Zealot x3  
Show
View Real Time Build Order
Export as new Build Order

Hurricane Protoss 

Build Orders: Oracle Opening, Archon Immortal 

Get SALT Encoding   

  12  0:00  Probe  
  13  0:12  Probe  
  14  0:17  Pylon  
  14  0:24  Probe (Chrono Boost)  
  15  0:36  Gateway  
  15  0:37  Probe (Chrono Boost)  
  16  0:43  Probe (Chrono Boost)  
  16  0:45  Assimilator  
  17  0:51  Probe  
  17  0:54  Assimilator  
  18  1:03  Probe (Chrono Boost)  
  19  1:08  Gateway  
  19  1:13  Probe (Chrono Boost)  
  19  1:18  Probe (Chrono Boost)  
  20  1:24  Cybernetics Core  
  21  1:30  Probe  
  22  1:32  Pylon  
  22  1:42  Probe  
  24  2:01  Adept x2  
  27  2:04  Robotics Facility  
  27  2:09  Warp Gate  
  27  2:16  Pylon  
  27  2:18  Shield Battery  
  27  2:26  Pylon  
  27  2:27  Probe  
  28  2:30  Stalker  
  31  2:44  Stalker  
  33  2:53  Warp Prism (Chrono Boost)  
  34  3:03  Sentry  
  36  3:10  Probe  
  37  3:13  Pylon  
  37  3:24  Observer  
  36  3:38  Nexus  
  36  3:39  Oracle  
  36  3:54  Immortal  
  40  3:57  Probe  
  41  4:03  Adept  
  41  4:07  Sentry  
  45  4:10  Probe  
  46  4:21  Pylon  
  46  4:37  Probe (Chrono Boost)  
  45  4:41  Immortal (Chrono Boost)  
  49  4:49  Probe (Chrono Boost)  
  49  4:52  Probe (Chrono Boost)  
  51  4:56  Adept  
  51  4:57  Probe (Chrono Boost)  
  51  4:59  Probe (Chrono Boost)  
  55  5:03  Probe (Chrono Boost)  
  55  5:04  Probe (Chrono Boost)  
  57  5:09  Stalker  
  57  5:15  Probe  
  52  5:23  Probe  
  52  5:25  Stalker  
  47  5:34  Probe  
  49  5:35  Probe  
  49  5:37  Immortal (Chrono Boost)  
  53  5:46  Probe, Pylon  
  54  5:51  Probe  
  54  5:55  Stalker  
  54  5:56  Stalker  
  59  6:00  Probe  
  59  6:03  Probe  
  61  6:12  Probe  
  61  6:17  Forge  
  62  6:29  Probe x2 (Chrono Boost)  
  64  6:33  Twilight Council  
  64  6:36  Assimilator  
  64  6:37  Immortal  
  64  6:39  Assimilator  
  68  6:41  Probe (Chrono Boost)  
  68  6:45  Protoss Ground Weapons Level 1 (Chrono Boost)  
  68  6:46  Pylon  
  68  6:47  Probe (Chrono Boost)  
  70  6:49  Probe (Chrono Boost)  
  70  6:53  Probe (Chrono Boost)  
  72  6:59  Probe  
  73  7:05  Charge  
  73  7:07  Gateway  
  73  7:08  Gateway  
  73  7:09  Probe  
  73  7:11  Probe  
  75  7:18  Templar Archives  
  75  7:38  Gateway  
  75  7:40  Gateway  
  75  7:43  Gateway  
  75  7:46  Gateway  
  75  7:50  Zealot x2  
  79  7:57  Nexus  
  79  8:02  Pylon  
  79  8:08  High Templar  
  79  8:09  High Templar  
  83  8:23  Archon, High Templar  
  83  8:24  High Templar  
  87  8:33  Archon, Zealot, Stalker  
  89  8:42  High Templar x2  
  89  8:48  Pylon, Archon  
  93  8:50  Pylon  
  93  8:51  Pylon  
  89  9:19  Zealot x6  
  89  9:20  Zealot x2  
  105  9:25  Pylon  
  105  9:28  Probe x3  
  108  9:33  Phoenix  
  108  9:46  High Templar x2  
  108  9:47  Zealot x6  
  124  9:53  Archon  
  124  9:55  Pylon  
  127  10:07  Assimilator  
  127  10:08  Assimilator  
  124  10:15  High Templar x2, Zealot x4, Shield Battery  
  124  10:17  Shield Battery  
  124  10:20  Archon  
  136  10:22  Zealot x2  
  136  10:26  Archon  
  132  10:40  Zealot  
  132  10:41  Zealot x3  
  102  10:45  Zealot x2  
  86  10:52  Zealot x2  
  62  11:02  Zealot x4  

Tags
 
Add a new tag
Caveats
  • Supply blocks, unpowered buildings, or Contaminate may cause inaccurate times.
  • Supply counts are checked every 10 seconds.